 Dungeon Crawl Stone Soup version 0.30.0-29-ga12c61a403 (webtiles) character file.

Game seed: 3915786744953255543

158 yolmi the Chopper (level 5, -1/47 HPs)
             Began as a Minotaur Berserker on June 19, 2023.
             Was a Believer of Trog.
             Slain by an orc
             ... wielding a +0 hand axe
              (2 damage)
             ... on level 3 of the Dungeon on June 21, 2023.
             The game lasted 00:21:54 (1489 turns).

yolmi the Chopper (Minotaur Berserker)              Turns: 1489, Time: 00:21:55

Health: -1/47      AC: 10    Str: 21 (24) XL:     5   Next: 16%
Magic:  4/4        EV:  8    Int:  1 (4)  God:    Trog [**....]
Gold:   77         SH:  0    Dex:  6 (9)  Spells: 4/4 levels left

rFire   . . .        a - +0 hand axe
rCold   . . .        (no shield)
rNeg    . . .        e - +0 chain mail
rPois   .            (helmet restricted)
rElec   .            (no cloak)
rCorr   .            p - +0 pair of gloves
SInv    +            (no boots)
Will    .....        (no amulet) Stlth
                     h - ring of see invisible
HPRegen 0.27/turn    (no ring)
MPRegen 0.09/turn

%: no passive effects
@: no status effects
A: horns 2, retaliatory headbutt
a: Renounce Religion, Berserk, Trog's Hand


You were on level 3 of the Dungeon.
You worshipped Trog.
Trog was pleased with you.
You visited 1 branch of the dungeon, and saw 3 of its levels.

You collected 77 gold pieces.

Inventory:

Hand Weapons
 a - a +0 hand axe (weapon)
Missiles
 l - 4 poisoned darts (quivered)
Armour
 b - a +0 animal skin
 e - a +0 chain mail (worn)
 k - a +0 ring mail
 p - a +0 pair of gloves (worn)
Jewellery
 h - a ring of see invisible (left hand)
Scrolls
 c - a scroll of teleportation
 m - a scroll of enchant weapon {unknown}
 o - a scroll of identify
 q - a scroll of fear {unknown}
Potions
 d - a potion of invisibility
 f - a potion of lignification
 i - a potion of brilliance {unknown}
 j - a potion of haste {unknown}
 n - a potion of heal wounds {unknown}


   Skills:
 * Level 4.8 Fighting
 * Level 5.5 Axes
 * Level 3.3 Armour
 * Level 2.7 Dodging
 + Level 0.2 Stealth


You had 4 spell levels left.
You didn't know any spells.
Your spell library was empty.

Dungeon Overview and Level Annotations

Branches:
Dungeon (3/15)

Altars:
Qazlal

Shops:
D:2 (


Innate Abilities, Weirdness & Mutations

You have a pair of horns on your head.
You reflexively headbutt those who attack you in melee.


Message History

The orc is almost dead.
The orc drinks a potion.
The orc flickers and vanishes for a moment.
The orc cheers repeatedly.
The orc hits you with a +0 mace.
You hit the orc.
You kill the orc!
Trog accepts your kill.
The orc priest calls down the wrath of Beogh upon you.
You barely resist. The orc hits you but does no damage.
The orc priest mumbles some strange prayers to Beogh against you.
Beogh smites you!
Things that are here:
a +0 mace; a +0 ring mail You hit the orc priest.
The orc priest is lightly wounded.
You barely miss the orc. The orc hits you with a +0 short sword.
* * * LOW HITPOINT WARNING * * *
The orc priest looks satisfied for a moment.
You hit the orc priest but do no damage.
Your headbutt misses the orc priest.
The orc priest is lightly wounded.
You barely miss the orc. x2; The orc hits you but does no damage.
The orc priest calls down the wrath of Beogh upon you.
Pain shoots through your body!
* * * LOW HITPOINT WARNING * * *
The orc barely misses you. The orc attacks as you move away!
The orc barely misses you.
You slash the orc!
You kill the orc!
Trog accepts your kill.
The orc priest calls down the wrath of Beogh upon you.
Beogh smites you!
* * * LOW HITPOINT WARNING * * *
It was a potion of degeneration.
There was something very wrong with that liquid.
You feel weakened.
You feel dopey.
You feel clumsy. The orc hits you with a +0 hand axe.
You die...

#........##....)...##........#
...###.#.##........###..†....#
...# ..#.##.......†#####...###
##.##.## ##...........)....#
#.##.##.##.......####.#####
##.......###.....## #.#
...##.# ####.#.#.# #.#
##..#.#........#.# #.#
#.[...........#@# #..
##.####..#....##o### #.# ...#
#......o..# #.#
##.......#.#.....#....?#
########.#....#.######.#
....####......!.#
###....######...# .......#
#...# ###....# #...#


You could see an orc priest and an orc (invisible).

Vanquished Creatures
  An iguana (D:3)
  2 orc wizards (D:3)
  2 adders
  3 dart slugs (D:1)
  6 orcs (D:3)
  3 ball pythons
  6 endoplasms
  3 giant cockroaches
  5 hobgoblins
  4 jackals (D:2)
  3 quokkas
  4 bats
  4 frilled lizards
  3 goblins
  3 kobolds
  A rat (D:1)
53 creatures vanquished.

Notes
Turn   | Place    | Note
-------+----------+-------------------------------------------
     0 | D:1      | yolmi the Minotaur Berserker began the quest for the Orb.
     0 | D:1      | Reached XP level 1. HP: 19/19 MP: 0/0
   152 | D:1      | Reached skill level 4 in Axes
   152 | D:1      | Reached XP level 2. HP: 25/27 MP: 1/1
   359 | D:1      | Reached XP level 3. HP: 33/33 MP: 2/2
   687 | D:2      | Found Rurro's Weapon Boutique.
   706 | D:2      | Reached ** piety under Trog
  1114 | D:3      | Reached skill level 5 in Axes
  1114 | D:3      | Reached XP level 4. HP: 33/41 MP: 3/3
  1221 | D:3      | Reached XP level 5. HP: 27/47 MP: 4/4
  1313 | D:3      | Found a stormy altar of Qazlal.
  1488 | D:3      | HP: 1/47 [orc priest/divine providence (11)]
  1489 | D:3      | Slain by an orc

Illustrated notes

Levels and vault maps discovered:
D:1:      giann_bridges, layout_basic, nrook_mini_backslash,
          hangedman_decor_peaks_small, amcnicky_mini_pool_small
D:2:      layout_rooms, serial_shops, shop
D:3:      layout_loops_cross, lemuel_doored_altar, serial_park_tiny_1

Skill      XL: |  1  2  3  4 |
---------------+-------------+-----
Axes           | 4 5 |  5.5
Fighting       | 4 |  4.8
Armour         | 3 |  3.3
Dodging        | |  2.7
Stealth        | |  0.2

Action                     |  1- 3 |  4- 6 || total
---------------------------+-------+-------++-------
  Melee: Hand axe          |    71 |    34 ||   105
         Headbutt          |    15 |     4 ||    19
         Punch             |       |     1 ||     1
    Use: Scroll            |     4 |       ||     4
         Potion            |       |     1 ||     1
   Stab: Sleeping          |     1 |       ||     1
 Armour: Animal skin       |     8 |       ||     8
         Ring mail         |    18 |       ||    18
         Chain mail        |       |    17 ||    17
  Dodge: Dodged            |    49 |    15 ||    64
